 Dungeon Crawl Stone Soup version 0.18-a0-1654-ge73a678 (webtiles) character file.

312 Oddball22 the Skirmisher (level 6, -2/51 HPs)
             Began as a Demonspawn Monk on Mar 30, 2016.
             Slain by Etesian's ghost (5 damage)
             ... on level 3 of the Dungeon.
             The game lasted 00:10:08 (3178 turns).

Oddball22 the Skirmisher (Demonspawn Monk)          Turns: 3178, Time: 00:10:09

Health: -2/51      AC:  7    Str: 11    XL:     6   Next: 18%
Magic:  6/6        EV: 14    Int: 11    God:
Gold:   127        SH:  0    Dex: 17    Spells: 0 memorised, 5 levels left

rFire  . . .     SeeInvis .     m - +2 long sword (vamp)
rCold  . . .     Gourm    .     d - +0 leather armour (curse)
rNeg   . . .     Faith    .     (no shield)
rPois  .         Spirit   .     (no helmet)
rElec  .         Dismiss  .     (no cloak)
rCorr  .         Reflect  .     (no gloves)
SustAt .         Harm     .     (no boots)
MR     .....                    r - amulet of regeneration
Stlth  ++........               s - -2 ring of slaying (curse)
                                k - ring of wizardry

@: not resistant to hostile enchantments, unstealthy
A: talons 1, rough black scales 1
a: no special abilities


You were on level 3 of the Dungeon.
You were not hungry.

You visited 1 branch of the dungeon, and saw 3 of its levels.

You collected 127 gold pieces.

Inventory:

Hand Weapons
 m - a +2 vampiric long sword (weapon)
Armour
 a - a +0 robe
 d - a cursed +0 leather armour (worn)
Jewellery
 k - a ring of wizardry (left hand)
 n - an uncursed amulet of magic regeneration
 r - an amulet of regeneration (around neck)
 s - a cursed -2 ring of slaying (right hand)
 u - an uncursed amulet of guardian spirit
Scrolls
 g - a scroll of identify
 h - a scroll of remove curse {unknown}
 i - a scroll of teleportation {unknown}
 o - 2 scrolls of noise {unknown}
Potions
 e - a potion of invisibility {unknown}
 j - 3 potions of curing
 p - a potion of cure mutation {unknown}
Comestibles
 b - 3 bread rations
 f - 2 fruits
 l - 4 chunks of flesh
 q - a slice of pizza
 t - 2 meat rations


   Skills:
 * Level 5.6 Fighting
 + Level 4.0 Dodging
 - Level 1.7 Stealth
 - Level 4.2 Unarmed Combat


You had 5 spell levels left.
You didn't know any spells.

Dungeon Overview and Level Annotations

Branches:
Dungeon (3/15)

Altars:
Ashenzari
Vehumet

Annotations:
D:3 Etesian's ghost, amateur GrFi; Robin


Innate Abilities, Weirdness & Mutations

You have sharp toenails.
You are partially covered in rough black scales (AC +4, Dex -1).


Message History

Etesian's ghost hits you!
You hit the goblin.
You feel better.
You kill the goblin!
Etesian's ghost hits you. Robin throws the goblin at you!
* * * LOW HITPOINT WARNING * * *
The goblin hits you with a dagger.
* * * LOW HITPOINT WARNING * * *
You barely miss the goblin. Etesian's ghost hits you!
* * * LOW HITPOINT WARNING * * *
The goblin hits you but does no damage. Etesian's ghost barely misses you.
You miss the goblin. Your kick misses the goblin. The goblin barely misses you.
Etesian's ghost hits you but does no damage.
The goblin hits you with a dagger.
* * * LOW HITPOINT WARNING * * *
A goblin comes into view. It is wielding a dagger.
Drink which item? (? for menu, Esc to quit)
It was a potion of cancellation.
You feel magically purged.
The goblin shouts!
Etesian's ghost hits you.
You die... og

#### g## ##########... ...
#...>...##...
#.#############.#####......
#o)..g.....................
#...#...........#..##......
#.[g#....########..#..[#...
#....#..g{#### #..........
#....####gW@.# ###.##)))##.#
#....#....##g# #..#...<.....
#.#..#.##.##[###.#.##.##.#.#
#.#..# #.##.##.#..##. #.#.#
#.#... #.##...###.##. #.#..
#[#####...###.##.### #..
#.....#.##.# # ##.
#...#รท#.##.# # #.#
#####.#.##.# #


You could see Robin, Etesian's ghost and 3 goblins.

Vanquished Creatures
  2 orc wizards (D:3)
  Jessica (D:3)
  Natasha (thrice) (D:2)
  8 adders
  2 oozes
  A worm (D:2)
  2 dart slugs (D:1)
  A giant gecko (D:2)
  3 orcs (D:3)
  2 ball pythons
  3 giant cockroaches (D:2)
  13 goblins
  6 hobgoblins
  4 jackals (D:2)
  4 kobolds
  4 bats
  5 giant newts
  7 rats
71 creatures vanquished.

Notes
Turn   | Place    | Note
--------------------------------------------------------------
     0 | D:1      | Oddball22 the Demonspawn Monk began the quest for the Orb.
     0 | D:1      | Reached XP level 1. HP: 18/18 MP: 1/1
   283 | D:1      | Gained mutation: You have sharp toenails. [demonic ancestry]
   283 | D:1      | Reached XP level 2. HP: 17/24 MP: 2/2
  1122 | D:2      | Reached XP level 3. HP: 12/29 MP: 3/3
  1389 | D:2      | HP: 1/30 [poisoned by an adder]
  1819 | D:2      | Noticed Natasha
  1835 | D:2      | Killed Natasha
  1835 | D:2      | Reached skill level 4 in Fighting
  1835 | D:2      | Reached XP level 4. HP: 17/37 MP: 4/4
  2360 | D:2      | Noticed Natasha
  2379 | D:2      | Killed Natasha
  2457 | D:2      | Noticed Natasha
  2465 | D:2      | Killed Natasha
  2465 | D:2      | Gained mutation: You are partially covered in rough black scales (AC +4, Dex -1). [demonic ancestry]
  2465 | D:2      | Reached XP level 5. HP: 30/43 MP: 5/5
  2623 | D:2      | Found a shattered altar of Ashenzari.
  2811 | D:3      | Reached skill level 5 in Fighting
  3012 | D:3      | Found a radiant altar of Vehumet.
  3119 | D:3      | Reached XP level 6. HP: 43/51 MP: 6/6
  3151 | D:3      | Noticed Jessica
  3153 | D:3      | Noticed Robin
  3157 | D:3      | Noticed Etesian's ghost (amateur GrFi)
  3159 | D:3      | Killed Jessica
  3177 | D:3      | HP: 2/51 [goblin/dagger[Robin] (3)]
  3178 | D:3      | Slain by Etesian's ghost

Vault maps used:
D:1:      dpeg_arrival_rhombi, serial_glass, glass_columns_a, glass_columns_a,
          glass_columns_b, glass_columns_a, glass_columns_b, glass_columns_c,
          glass_columns_c, glass_columns_a, glass_columns_a, glass_columns_a,
          glass_columns_b, glass_columns_a, glass_columns_a, glass_columns_a,
          minmay_misc_feat_pillars
D:2:      evilmike_ruin_ashenzari, uniq_natasha
D:3:      zin_treasury, lemuel_doored_altar, minivault_11, uniq_jessica,
          uniq_robin

Skill      XL: |  1  2  3  4  5  6 |
---------------+-------------------+-----
Dodging        | 3 4 |  4.0
Fighting       | 4 5 |  5.6
Unarmed Combat | 4 |  4.2
Stealth        | |  1.7

Action                   |  1- 3 |  4- 6 || total
-------------------------+-------+-------++-------
Melee: Unarmed           |   110 |    12 ||   122
       Long sword        |       |   155 ||   155
  Use: Scroll            |       |     1 ||     1
       Potion            |       |     1 ||     1
 Stab: Sleeping          |     3 |     3 ||     6
  Eat: Chunk             |     2 |     5 ||     7
       Meat ration       |       |     1 ||     1
